[Event "December 19 Early 2023"]
[Site "https://www.chess.com"]
[Date "2023.12.19"]
[Round "7"]
[White "Zainullina, Nataliya"]
[Black "Gurevich, Dmitry"]
[Result "0-1"]
[Board "182"]
[TimeControl "180+1"]
[WhiteFideId "4145488"]
[BlackFideId "2000407"]
[WhiteElo "2233"]
[BlackElo "2506"]
[WhiteTeam "RUS"]
[BlackTeam "USA"]
[WhiteClock "0:01:38"]
[BlackClock "0:01:49"]

1. e4 c5 2. Nc3 g6 3. g3 Bg7 4. Bg2 Nc6 5. d3 Rb8 6. Be3 d6 7. Qd2 b5 8. Nge2 b4 9. Nd1 a5 10. O-O h5 11. h4 Nf6 12. f3 O-O 13. d4 Ba6 14. Rf2 Bxe2 15. Rxe2 cxd4 16. Bxd4 Nxe4 17. Rxe4 Nxd4 18. Rxd4 Qb6 19. c3 e5 20. Nf2 bxc3 21. Rxd6 cxd2 22. Rxb6 Rxb6 23. Rb1 Rc8 24. Ne4 Rc1+ 0-1

[Event "December 19 Early 2023"]
[Site "https://www.chess.com"]
[Date "2023.12.19"]
[Round "7"]
[White "Von Buelow, Georg"]
[Black "Can, Melih Kaan"]
[Result "1-0"]
[Board "183"]
[TimeControl "180+1"]
[WhiteFideId "4620658"]
[BlackFideId "6317383"]
[WhiteElo "2223"]
[BlackElo "2022"]
[WhiteTeam "GER"]
[BlackTeam "TUR"]
[WhiteClock "0:00:22"]
[BlackClock "0:00:33"]

1. e4 c5 2. Nf3 a6 3. c3 e6 4. d4 d5 5. exd5 exd5 6. dxc5 Bxc5 7. Bd3 Ne7 8. O-O O-O 9. Nbd2 Nbc6 10. h3 Bf5 11. Nb3 Ba7 12. Bg5 f6 13. Bf4 Qd7 14. Re1 Rad8 15. Qd2 Ng6 16. Bg3 Rfe8 17. Bxf5 Qxf5 18. Nbd4 Qd7 19. Nxc6 bxc6 20. Rad1 Ne7 21. Nd4 Nf5 22. Nxf5 Qxf5 23. Rxe8+ Rxe8 24. Re1 Rxe1+ 25. Qxe1 Kf7 26. a3 Qc2 27. b4 Qb2 28. Qd1 Qxc3 29. Qh5+ Kf8 30. Kh2 Qe1 31. Qf5 h5 32. Qc8+ Kf7 33. Qb7+ Qe7 34. Qxc6 a5 35. Qxd5+ Kf8 36. Qxa5 g5 37. Qd5 Kg7 38. Qd6 Qe2 39. Qc7+ Kg6 40. Qxa7 h4 41. Bd6 Qd3 42. Qc5 Qxa3 43. b5 Qd3 44. b6 Qb1 45. Qd4 Qb5 46. Be7 Qc6 47. Qxf6+ Qxf6 48. Bxf6 Kxf6 49. b7 g4 50. hxg4 h3 51. gxh3 Kg5 52. Kg3 Kh6 53. f4 Kh7 54. h4 Kg7 55. b8=R Kh7 56. Rb6 Kg7 57. f5 Kh7 58. g5 Kg7 59. h5 Kh7 60. Rh6+ Kg7 61. Kf4 Kf7 62. Rg6 Kf8 63. Ke5 Kf7 64. h6 Kf8 65. Rg7 Ke8 66. g6 Kd8 67. f6 Kc8 68. Re7 Kb8 69. f7 Kc8 70. Kf6 Kd8 71. h7 Kc8 72. Kg7 Kd8 73. Kf8 Kc8 74. Ke8 Kb8 75. g7 Kc8 76. f8=R Kb8 77. g8=Q Kc8 78. h8=Q Kb8 79. Qh2+ Kc8 80. Qb8+ Kxb8 81. Qg3+ Kc8 82. Qb8+ Kxb8 83. Kf7# 1-0

[Event "December 19 Early 2023"]
[Site "https://www.chess.com"]
[Date "2023.12.19"]
[Round "7"]
[White "Mende, Andreas"]
[Black "Kornyukov, Alexey"]
[Result "0-1"]
[Board "184"]
[TimeControl "180+1"]
[WhiteFideId "4631102"]
[BlackFideId "4150457"]
[WhiteElo "2077"]
[BlackElo "2352"]
[WhiteTeam "GER"]
[BlackTeam "RUS"]
[WhiteClock "0:00:00"]
[BlackClock "0:00:08"]

1. c4 e5 2. g3 Nf6 3. Bg2 Nc6 4. Nc3 Bc5 5. e3 O-O 6. Nge2 d6 7. O-O Bf5 8. d4 exd4 9. exd4 Bb4 10. a3 Bxc3 11. Nxc3 Re8 12. h3 Ne4 13. Nd5 Nf6 14. Bg5 Bg6 15. Bxf6 gxf6 16. Qd2 Kg7 17. Rae1 Rxe1 18. Rxe1 Qd7 19. Qf4 f5 20. Qe3 f6 21. b4 Re8 22. Qd2 Rxe1+ 23. Qxe1 Nxd4 24. Qd2 Nc6 25. Qc3 Qf7 26. b5 Nd8 27. Nf4 b6 28. Bd5 Qe7 29. Kg2 Qe5 30. Qd2 Qa1 31. Qe3 Qe5 32. Qd2 h6 33. h4 h5 34. a4 Qe7 35. Qd4 Qe5 36. Qd2 Kh7 37. Qd1 Be8 38. Nxh5 Bg6 39. Nf4 Kg7 40. h5 Bh7 41. h6+ Kxh6 42. Qh5+ Kg7 0-1

[Event "December 19 Early 2023"]
[Site "https://www.chess.com"]
[Date "2023.12.19"]
[Round "7"]
[White "Cramling Bellon, Anna"]
[Black "Kotlyar, Kirill"]
[Result "1-0"]
[Board "185"]
[TimeControl "180+1"]
[WhiteFideId "32009232"]
[BlackFideId "24145599"]
[WhiteElo "1976"]
[BlackElo "2397"]
[WhiteTeam "SWE"]
[BlackTeam "RUS"]
[WhiteClock "0:00:19"]
[BlackClock "0:00:18"]

1. d4 Nf6 2. c4 g6 3. Nc3 d5 4. cxd5 Nxd5 5. e4 Nxc3 6. bxc3 Bg7 7. Qa4+ Nd7 8. Nf3 c5 9. Bg5 cxd4 10. cxd4 O-O 11. Rc1 Nb6 12. Qb4 Re8 13. Bb5 Bd7 14. O-O Rc8 15. Rxc8 Qxc8 16. Rc1 Qd8 17. Bf4 Bxb5 18. Qxb5 g5 19. Bxg5 Qb8 20. Bf4 Qa8 21. Qh5 f6 22. Nh4 Rc8 23. Nf5 Rxc1+ 24. Bxc1 e6 25. Nxg7 Kxg7 26. Bh6+ Kh8 27. Qf7 Qc8 28. Qg7# 1-0

[Event "December 19 Early 2023"]
[Site "https://www.chess.com"]
[Date "2023.12.19"]
[Round "7"]
[White "Guzman Lozano, Campo Elias"]
[Black "Dwilewicz, Katarzyna"]
[Result "0-1"]
[Board "186"]
[TimeControl "180+1"]
[WhiteFideId "4403746"]
[BlackFideId "1148486"]
[WhiteElo "2099"]
[BlackElo "2098"]
[WhiteTeam "COL"]
[BlackTeam "POL"]
[WhiteClock "0:00:33"]
[BlackClock "0:00:16"]

1. e4 g6 2. d4 Bg7 3. Nf3 d6 4. h3 Nf6 5. Nc3 O-O 6. Be3 c6 7. Qd2 b5 8. a3 a5 9. Be2 Bb7 10. e5 dxe5 11. dxe5 Qxd2+ 12. Kxd2 Rd8+ 13. Ke1 Nfd7 14. e6 fxe6 15. Ng5 Nf8 16. Rd1 Rxd1+ 17. Nxd1 h6 18. Ne4 Nbd7 19. f4 e5 20. Rf1 exf4 21. Rxf4 Ne6 22. Rf2 Nf6 23. Nxf6+ exf6 24. Bf3 Re8 25. Kd2 f5 26. Kc1 Nd4 27. Bxd4 Bxd4 28. Rd2 Rd8 29. c3 Bf6 30. Rxd8+ Bxd8 31. Kd2 Kf7 32. Ke2 Ke6 33. Nf2 Kd6 34. Nd3 g5 35. g4 fxg4 36. hxg4 Bc8 37. Nf2 Be6 38. Ne4+ Ke5 39. Kd3 Bd5 40. Nd2 Bxf3 41. Nxf3+ Kf4 42. Nd4 Kxg4 43. Nxc6 Bc7 44. Nd4 h5 45. Nxb5 h4 46. Nxc7 h3 47. Nd5 h2 48. Ne3+ Kf3 49. Nc4 h1=Q 50. Ne5+ Kf4 51. Ng6+ Kf5 52. Ne7+ Ke6 53. Nc8 Qb7 0-1

[Event "December 19 Early 2023"]
[Site "https://www.chess.com"]
[Date "2023.12.19"]
[Round "7"]
[White "Marchesich, Giovanni"]
[Black "Demina, Marya"]
[Result "1-0"]
[Board "187"]
[TimeControl "180+1"]
[WhiteFideId "2824790"]
[BlackFideId "4195671"]
[WhiteElo "2198"]
[BlackElo "1978"]
[WhiteTeam "ITA"]
[BlackTeam "RUS"]
[WhiteClock "0:00:38"]
[BlackClock "0:00:02"]

1. f3 c5 2. g3 Nc6 3. Nh3 d5 4. Nf2 e5 5. Bg2 Nf6 6. O-O Be7 7. d3 O-O 8. Nc3 Re8 9. e4 a6 10. Bg5 d4 11. Ne2 b5 12. h3 c4 13. f4 cxd3 14. cxd3 a5 15. g4 Ba6 16. Ng3 exf4 17. Bxf4 Rc8 18. Nf5 Bf8 19. g5 Nd7 20. Ng4 Nde5 21. a3 b4 22. Nxe5 Nxe5 23. Bxe5 Rxe5 24. axb4 Bxb4 25. Qf3 Qxg5 26. Kh1 h5 27. Rg1 g6 28. Bf1 Rxf5 29. exf5 Qe7 30. Bg2 Rc2 31. Qa8+ Bc8 32. fxg6 fxg6 33. Raf1 Kg7 34. Qd5 Bf5 35. Qxd4+ Kh7 36. Qd5 Bc5 37. d4 Bd6 38. Re1 Qc7 39. Rgf1 Rxb2 40. Rxf5 gxf5 41. Qxf5+ Kg7 42. Qg5+ Kf8 43. Rf1+ Bf4 44. Rxf4+ Ke8 45. Qg8+ Ke7 46. Rf7+ Ke6 47. Qg6# 1-0

[Event "December 19 Early 2023"]
[Site "https://www.chess.com"]
[Date "2023.12.19"]
[Round "7"]
[White "Polak, Kinga"]
[Black "Viskelis, Darius"]
[Result "0-1"]
[Board "188"]
[TimeControl "180+1"]
[WhiteFideId "1134680"]
[BlackFideId "12800830"]
[WhiteElo "2075"]
[BlackElo "1860"]
[WhiteTeam "POL"]
[BlackTeam "LTU"]
[WhiteClock "0:00:06"]
[BlackClock "0:00:34"]

1. e4 e5 2. Nf3 Nc6 3. Bb5 Bc5 4. c3 Nf6 5. d3 d6 6. h3 O-O 7. O-O Ne7 8. d4 Bb6 9. Re1 Ng6 10. Nbd2 c6 11. Ba4 Nh5 12. Nf1 Nhf4 13. Ng3 Qf6 14. Bb3 Bxh3 15. gxh3 Nxh3+ 16. Kg2 Nxf2 17. Kxf2 exd4 18. Bg5 dxc3+ 19. Kg2 Nf4+ 20. Bxf4 Qxf4 21. bxc3 g6 22. Rh1 h5 23. Qd3 Rae8 24. e5 d5 25. Bc2 Bc7 26. Rxh5 Bxe5 27. Rah1 Qxg3+ 28. Kf1 Bg7 29. Rg5 Re1+ 30. Nxe1 Qxg5 31. Nf3 Qf4 32. Kf2 Re8 33. Rg1 c5 34. Ba4 Re6 35. Re1 Rxe1 36. Kxe1 Qxa4 37. Qxd5 Qe8+ 38. Kf2 b6 39. Ng5 Bxc3 40. a3 Bd4+ 41. Kf3 Qe3+ 42. Kg4 Qe2+ 43. Nf3 Qe6+ 44. Qxe6 fxe6 45. Kg5 Kf7 46. Nh4 Bf6+ 47. Kg4 Bxh4 48. Kxh4 Kf6 0-1

[Event "December 19 Early 2023"]
[Site "https://www.chess.com"]
[Date "2023.12.19"]
[Round "7"]
[White "Filippova, Margarita"]
[Black "Saim, Mohamed Ilias"]
[Result "1-0"]
[Board "189"]
[TimeControl "180+1"]
[WhiteFideId "34199680"]
[BlackFideId "7900465"]
[WhiteElo "1916"]
[BlackElo "2063"]
[WhiteTeam "RUS"]
[BlackTeam "ALG"]
[WhiteClock "0:01:00"]
[BlackClock "0:00:45"]

1. e4 c6 2. d4 d5 3. e5 Bf5 4. Ne2 e6 5. Ng3 Ne7 6. h4 c5 7. c3 Nbc6 8. Be3 cxd4 9. cxd4 Qb6 10. Qd2 h5 11. Nc3 a6 12. Be2 Bg4 13. f3 Bf5 14. Na4 Qb4 15. Nc5 b6 16. Nd3 Qxd2+ 17. Kxd2 Bg6 18. Rac1 Kd7 19. a3 Nf5 20. Nxf5 Bxf5 21. b4 Be7 22. g3 Rhc8 23. Nb2 b5 24. Bd3 g6 25. Bxf5 gxf5 26. Nd3 Rg8 27. Bf2 Bf8 28. Nc5+ Bxc5 29. Rxc5 Ne7 30. Rhc1 Rgc8 31. Ke3 Rxc5 32. Rxc5 Nc8 33. Kf4 Nb6 34. Kg5 Nc4 35. Kxh5 Nxa3 36. Kg5 Rc8 37. Kf6 Nc2 38. Rxc8 Kxc8 39. Kxf7 Nxb4 40. Kxe6 a5 41. h5 a4 42. h6 a3 43. h7 Nc6 44. h8=Q+ Nd8+ 45. Ke7 a2 46. Qxd8+ Kb7 47. Qxd5+ Kb6 48. Qxa2 1-0

[Event "December 19 Early 2023"]
[Site "https://www.chess.com"]
[Date "2023.12.19"]
[Round "7"]
[White "Dilmukhametov, Artur"]
[Black "Donatti, Alvaro"]
[Result "1-0"]
[Board "190"]
[TimeControl "180+1"]
[WhiteFideId "24179922"]
[BlackFideId "3000303"]
[WhiteElo "2176"]
[BlackElo "2138"]
[WhiteTeam "RUS"]
[BlackTeam "URU"]
[WhiteClock "0:00:11"]
[BlackClock "0:00:00"]

1. e4 c5 2. d4 cxd4 3. c3 e6 4. Nf3 Nc6 5. Bc4 Nf6 6. e5 Nd5 7. O-O Nb6 8. Bb3 d5 9. cxd4 Be7 10. Nc3 O-O 11. Bc2 Re8 12. a3 g6 13. Bh6 Nc4 14. Rb1 Qa5 15. Ne2 Bd7 16. h4 Bf8 17. Qc1 Ne7 18. h5 Nf5 19. Bxf5 exf5 20. Qg5 Qd8 21. Qf4 Rc8 22. Nc3 Be6 23. hxg6 fxg6 24. Bg5 Be7 25. Qh4 b6 26. Bf6 Bxf6 27. exf6 Nd6 28. Ng5 h5 29. Nxe6 Rxe6 30. Nxd5 Rc4 31. Ne7+ Kh7 32. Qg5 Qe8 33. d5 Ree4 34. Qg3 f4 35. Qg5 Qf7 36. Rfe1 Rcd4 37. Rbc1 1-0

[Event "December 19 Early 2023"]
[Site "https://www.chess.com"]
[Date "2023.12.19"]
[Round "7"]
[White "Sarkar, Justin"]
[Black "Nikulina, Alena"]
[Result "0-1"]
[Board "191"]
[TimeControl "180+1"]
[WhiteFideId "2010011"]
[BlackFideId "4172051"]
[WhiteElo "2138"]
[BlackElo "1627"]
[WhiteTeam "USA"]
[BlackTeam "RUS"]
[WhiteClock "0:00:00"]
[BlackClock "0:00:02"]

1. d4 d5 2. c4 dxc4 3. Qa4+ c6 4. Qxc4 Nf6 5. Nc3 Nbd7 6. Nf3 Nb6 7. Qd3 g6 8. e4 Bg7 9. Be2 O-O 10. O-O Bg4 11. Be3 Bxf3 12. Bxf3 e5 13. Rad1 exd4 14. Bxd4 Qe7 15. Qe3 Nc4 16. Qe2 Ne5 17. g3 Nxf3+ 18. Qxf3 Rfd8 19. Rfe1 h5 20. Qf4 Ng4 21. Bxg7 Kxg7 22. Rxd8 Rxd8 23. e5 c5 24. h3 Rd4 25. Qf3 Nxe5 26. Qe3 Nf3+ 27. Kf1 Qxe3 28. Rxe3 Ng5 29. f4 Ne6 30. Ke2 a6 31. Ne4 c4 32. Ng5 Nxg5 33. fxg5 b5 34. Re7 Rd6 35. Ra7 Re6+ 36. Kd2 Rd6+ 37. Ke2 Rc6 38. h4 Kf8 39. Kd2 Ke8 40. Ke2 Rd6 41. Ke3 Re6+ 42. Kf4 Rc6 43. Ke4 Rc8 44. Rxa6 Rd8 45. Ra7 Rb8 0-1

[Event "December 19 Early 2023"]
[Site "https://www.chess.com"]
[Date "2023.12.19"]
[Round "7"]
[White "Kowalysko, Roman"]
[Black "Ghosh, Chanchal Kumer"]
[Result "1-0"]
[Board "192"]
[TimeControl "180+1"]
[WhiteFideId "30918510"]
[BlackFideId "10201858"]
[WhiteElo "2267"]
[BlackElo "2067"]
[WhiteTeam "USA"]
[BlackTeam "BAN"]
[WhiteClock "0:00:06"]
[BlackClock "0:00:00"]

1. e4 c5 2. Nf3 d6 3. d4 cxd4 4. Nxd4 Nf6 5. Nc3 a6 6. Bg5 e5 7. Bxf6 Qxf6 8. Nd5 Qd8 9. Nf5 g6 10. Nfe3 Be6 11. Bc4 Bg7 12. O-O O-O 13. a4 b6 14. Qe2 Kh8 15. Rfd1 f5 16. exf5 gxf5 17. Nxb6 Qxb6 18. Bxe6 f4 19. Nc4 Qa7 20. Rxd6 f3 21. gxf3 Qe7 22. Rad1 Qh4 23. Qe4 Qg5+ 24. Qg4 Qe7 25. Rd7 Nxd7 26. Rxd7 Qf6 27. Ne3 Rae8 28. Nf5 Rxe6 29. Nxg7 Rd6 30. Nh5 Rxd7 31. Nxf6 Rdf7 32. Kf1 Rxf6 33. Qe4 Rxf3 34. Qxe5+ Kg8 35. Qd5+ Kg7 36. Qd4+ Kg6 37. b4 R3f4 38. Qb6+ R8f6 39. Qc5 R4f5 40. Qe3 Rf3 41. Qe8+ Kg7 42. Qd7+ Kg6 43. Qd4 R3f4 44. Qe3 Rf3 45. Qe4+ R3f5 46. Qg4+ Kf7 47. Qg3 Rf3 48. Qg2 Ke6 49. b5 axb5 50. axb5 R3f5 51. Qg4 Kf7 52. Qe2 Re6 53. Qd2 Rfe5 54. c4 Kf6 55. Qd4 Kf5 56. c5 Re4 57. Qd3 Kf4 58. c6 Re1+ 59. Kg2 Rg6+ 60. Kh3 Re5 61. Qd2+ Kf5 62. f4 Re4 63. Qd3 Kxf4 64. c7 Re3+ 65. Qxe3+ Kxe3 66. c8=Q 1-0

[Event "December 19 Early 2023"]
[Site "https://www.chess.com"]
[Date "2023.12.19"]
[Round "7"]
[White "Player, Edmund C"]
[Black "Levine, David"]
[Result "1-0"]
[Board "193"]
[TimeControl "180+1"]
[WhiteFideId "406520"]
[BlackFideId "2011611"]
[WhiteElo "2015"]
[BlackElo "2020"]
[WhiteTeam "ENG"]
[BlackTeam "USA"]
[WhiteClock "0:01:32"]
[BlackClock "0:01:46"]

1. Nc3 d5 2. e4 c6 3. d4 dxe4 4. Nxe4 Bf5 5. Ng3 Bg6 6. Nh3 h6 7. Bc4 e6 8. Nf4 Bh7 9. O-O Nf6 10. Re1 Nd5 11. Bxd5 cxd5 12. Qh5 g6 13. Qxd5 Qxd5 14. Nxd5 Bd6 15. Bxh6 Nc6 16. Bg7 Rg8 17. Nf6+ 1-0

[Event "December 19 Early 2023"]
[Site "https://www.chess.com"]
[Date "2023.12.19"]
[Round "7"]
[White "Rodriguez Santiago, Jaime"]
[Black "Perez Cruz, Adianet"]
[Result "1-0"]
[Board "194"]
[TimeControl "180+1"]
[WhiteFideId "3100898"]
[BlackFideId "3510115"]
[WhiteElo "2025"]
[BlackElo "1996"]
[WhiteTeam "PUR"]
[BlackTeam "CUB"]
[WhiteClock "0:00:08"]
[BlackClock "0:00:11"]

1. c4 c6 2. d4 d5 3. cxd5 cxd5 4. Bf4 Nf6 5. e3 Nc6 6. Nc3 Bf5 7. Qb3 Qb6 8. Qxb6 axb6 9. Bc7 e6 10. Bxb6 Bb4 11. Bb5 O-O 12. Ne2 e5 13. O-O exd4 14. Nxd4 Bxc3 15. bxc3 Nxd4 16. cxd4 Ne4 17. a4 h5 18. Rfc1 Rac8 19. f3 Nc3 20. Bf1 Bd7 21. a5 Rfe8 22. Kf2 Bb5 23. Rxc3 Rxc3 24. Bxb5 Rexe3 25. Bc5 Re6 26. Rb1 g5 27. Bd7 Rc2+ 28. Kg3 Ree2 29. Rg1 Kg7 30. Bc8 Kg6 31. Bxb7 f5 32. Bc8 f4+ 33. Kh3 Ra2 34. a6 Re3 35. a7 g4+ 36. Bxg4 hxg4+ 37. Kxg4 Ree2 38. Kh3 Kf5 39. g4+ fxg3 40. Kxg3 Rxh2 41. Bb6 Rhc2 42. Bc5 Ra6 43. Rh1 Rc3 44. Rh5+ Kg6 45. Rxd5 Rca3 46. Rd8 R3a5 47. Rd7 Kf5 48. Rd5+ Ke6 49. Rh5 Kd7 50. Kf4 Ra2 51. Ke4 Ke8 52. Kd5 Kf7 53. Rh7+ Kg6 54. Rb7 Kf5 55. f4 Kxf4 56. Rf7+ Ke3 57. Kc4 Kd2 58. d5 Kc2 59. d6 R6a4+ 60. Kd5 Rxa7 61. Bxa7 Ra5+ 62. Bc5 Rb5 63. d7 Kd3 64. d8=Q 1-0

[Event "December 19 Early 2023"]
[Site "https://www.chess.com"]
[Date "2023.12.19"]
[Round "7"]
[White "Olcayoz, Gizem"]
[Black "De Souza, Cristiano Gomes"]
[Result "0-1"]
[Board "195"]
[TimeControl "180+1"]
[WhiteFideId "6301444"]
[BlackFideId "2151758"]
[WhiteElo "1856"]
[BlackElo "2068"]
[WhiteTeam "TUR"]
[BlackTeam "BRA"]
[WhiteClock "0:00:00"]
[BlackClock "0:00:25"]

1. e4 c5 2. Nc3 d6 3. d4 cxd4 4. Qxd4 Nf6 5. b3 Nc6 6. Qd2 g6 7. Bb2 Bg7 8. O-O-O O-O 9. f3 Be6 10. Nge2 a5 11. h4 h5 12. Kb1 b5 13. Nf4 b4 14. Na4 Bd7 15. g4 e5 16. Nd5 Nxd5 17. Qxd5 Ne7 18. Qxd6 Bxa4 19. bxa4 Qxd6 20. Rxd6 hxg4 21. fxg4 Rfd8 22. Rxd8+ Rxd8 23. Bd3 Nc6 24. Rf1 Nd4 25. Bc4 Rd7 26. g5 Bf8 27. Rf6 Kg7 28. Ra6 Bd6 29. Rxa5 Nf3 30. Rb5 Nd2+ 31. Kc1 Nxc4 32. a5 Ra7 33. c3 Rxa5 34. Rb7 bxc3 35. Bxc3 Rxa2 36. Kb1 Rh2 37. Rd7 Rxh4 38. Kc2 Rxe4 39. Kd3 Rg4 40. Rxd6 Nxd6 41. Bxe5+ Kg8 42. Bxd6 Rxg5 43. Ke3 Rd5 44. Bf4 f5 45. Kf3 Kf7 46. Bg5 Ke6 0-1

[Event "December 19 Early 2023"]
[Site "https://www.chess.com"]
[Date "2023.12.19"]
[Round "7"]
[White "Vargas, Mauricio"]
[Black "Semenova, Alina"]
[Result "0-1"]
[Board "196"]
[TimeControl "180+1"]
[WhiteFideId "4404572"]
[BlackFideId "24113875"]
[WhiteElo "1982"]
[BlackElo "1827"]
[WhiteTeam "COL"]
[BlackTeam "RUS"]
[WhiteClock "0:00:00"]
[BlackClock "0:00:20"]

1. e4 c6 2. Nc3 d5 3. d3 dxe4 4. Nxe4 Nf6 5. Ng3 Nbd7 6. Nf3 e6 7. Be2 Bd6 8. O-O O-O 9. d4 b6 10. c3 Bb7 11. Bd3 c5 12. dxc5 Nxc5 13. Bc2 Be7 14. Be3 Qxd1 15. Raxd1 Rfd8 16. Ne5 Nce4 17. Nxe4 Bxe4 18. Bxe4 Nxe4 19. Nc6 Re8 20. Rd7 Bc5 21. Nxa7 Nf6 22. Rb7 Bxe3 23. fxe3 Reb8 24. Rxb8+ Rxb8 25. Nc6 Ra8 26. a3 Kf8 27. Rd1 Rc8 28. Rd8+ Rxd8 29. Nxd8 Nd5 30. Kf2 Ke7 31. Nc6+ Kd6 32. Nd4 g6 33. g3 e5 34. Nb5+ Kc5 35. a4 f5 36. Ke2 Kc4 37. Kd2 Kb3 38. Nd6 e4 39. c4 Ne7 40. a5 bxa5 41. c5 Kxb2 42. Nc4+ Kb3 43. Nxa5+ Kb4 44. Nb7 Kb5 45. Kc3 Kc6 46. Nd8+ Kxc5 47. Ne6+ Kd6 48. Kd2 Kxe6 49. Kc3 Nd5+ 50. Kd4 Nb4 51. Kc4 Nc2 52. Kc3 Nxe3 53. Kd4 Ng2 0-1

[Event "December 19 Early 2023"]
[Site "https://www.chess.com"]
[Date "2023.12.19"]
[Round "7"]
[White "Papp, Petra"]
[Black "Masterisback04"]
[Result "1-0"]
[Board "197"]
[TimeControl "180+1"]
[WhiteFideId "739049"]
[WhiteElo "2270"]
[BlackElo "1735"]
[WhiteTeam "HUN"]
[WhiteClock "0:00:08"]
[BlackClock "0:00:13"]

1. e4 c6 2. d4 d5 3. f3 e6 4. Nc3 Bb4 5. Bd2 Nf6 6. Bd3 O-O 7. Qe2 c5 8. dxc5 Bxc5 9. O-O-O Nc6 10. exd5 Nxd5 11. Nxd5 Qxd5 12. Bc4 Qe5 13. Bc3 Qxe2 14. Nxe2 a6 15. Nd4 Nxd4 16. Bxd4 Bxd4 17. Rxd4 b5 18. Bb3 a5 19. a3 e5 20. Rd5 a4 21. Ba2 Be6 22. Rxb5 Bxa2 23. b3 axb3 24. Kb2 Rfb8 25. Rxe5 bxc2+ 26. Kxa2 Ra6 27. Rc1 Rba8 28. Re3 Rc6 29. Kb2 Rb8+ 30. Rb3 Rbc8 31. a4 g6 32. a5 Ra8 33. Ra3 Rca6 34. Rxc2 Rxa5 35. Rxa5 Rxa5 36. Kc3 Kg7 37. Kd3 Ra3+ 38. Ke4 h5 39. Rd2 Ra5 40. Kf4 Ra4+ 41. Kg3 f6 42. h4 g5 43. hxg5 fxg5 44. Rd5 Kg6 45. Rb5 Kg7 46. Rxg5+ Kh6 47. Rb5 Kg6 48. f4 Ra3+ 49. Kf2 Rb3 50. Rxb3 1-0

[Event "December 19 Early 2023"]
[Site "https://www.chess.com"]
[Date "2023.12.19"]
[Round "7"]
[White "Vila Dupla, Aurelio"]
[Black "Gulamirian, Korun"]
[Result "1-0"]
[Board "198"]
[TimeControl "180+1"]
[WhiteFideId "2203383"]
[BlackFideId "4144899"]
[WhiteElo "2009"]
[BlackElo "1621"]
[WhiteTeam "ESP"]
[BlackTeam "RUS"]
[WhiteClock "0:01:00"]
[BlackClock "0:00:00"]

1. Nf3 Nf6 2. d4 d5 3. c4 g6 4. cxd5 Nxd5 5. e4 Nb6 6. h3 Bg7 7. Be2 O-O 8. O-O Nc6 9. Be3 e5 10. d5 Ne7 11. a4 Nd7 12. Nc3 f5 13. Ng5 f4 14. Ne6 Qe8 15. Nxc7 Qd8 16. Ne6 Qe8 17. Bd2 Qd8 18. Nxd8 Rxd8 19. Bg4 Nf6 20. Bxc8 Rdxc8 21. Nb5 Rd8 22. Nc7 Rac8 23. Ne6 Rd7 24. f3 Rd6 25. a5 a6 26. Qb3 Rb8 27. Bb4 Rd7 28. Rac1 b6 29. Bxe7 Rxe7 30. axb6 Reb7 31. Rc6 1-0

[Event "December 19 Early 2023"]
[Site "https://www.chess.com"]
[Date "2023.12.19"]
[Round "7"]
[White "Igel2023"]
[Black "Floresvillar Gonzalez, Luis Migu"]
[Result "1-0"]
[Board "199"]
[TimeControl "180+1"]
[BlackFideId "5100542"]
[WhiteElo "2164"]
[BlackElo "2040"]
[BlackTeam "MEX"]
[WhiteClock "0:00:10"]
[BlackClock "0:00:00"]

1. e4 e6 2. d4 d5 3. Nd2 dxe4 4. Nxe4 Nd7 5. Nf3 Ngf6 6. Nxf6+ Nxf6 7. Bg5 c5 8. Bd3 cxd4 9. Nxd4 Be7 10. c3 O-O 11. Qe2 Qd5 12. Bh4 e5 13. Nf5 Bxf5 14. Bxf5 Rad8 15. O-O e4 16. Bxf6 Bxf6 17. Bxe4 Qd2 18. Rfe1 g6 19. g3 Rfe8 20. Qxd2 Rxd2 21. Bxb7 Rxb2 22. Rxe8+ Kg7 23. Bd5 Bxc3 24. Rd1 h5 25. Re7 h4 26. Rxf7+ Kh6 27. gxh4 a5 28. Rf3 Bb4 29. Rf6 Be7 30. Rf4 Bd6 31. Rfd4 Bc5 32. R4d2 Rb4 33. Kg2 Rxh4 34. Bf3 Bb4 35. Rd4 Rxd4 36. Rxd4 g5 37. Rxb4 axb4 38. Kg3 Kg6 39. Kg4 Kf6 40. Bd5 Ke5 41. Bb3 Kf6 42. h4 gxh4 43. Kxh4 Kf5 44. Kg3 Kg5 45. f4+ Kf5 46. Kf3 Kf6 47. Kg4 Kg6 48. f5+ Kf6 49. Kf4 Kg7 50. Ke5 Kf8 51. f6 Ke8 52. f7+ 1-0

[Event "December 19 Early 2023"]
[Site "https://www.chess.com"]
[Date "2023.12.19"]
[Round "7"]
[White "SulfatoFerroso"]
[Black "Tilahun , Abel Mathewos"]
[Result "0-1"]
[Board "200"]
[TimeControl "180+1"]
[BlackFideId "15702391"]
[WhiteElo "1897"]
[BlackElo "1917"]
[BlackTeam "ETH"]
[WhiteClock "0:00:00"]
[BlackClock "0:00:10"]

1. e4 e6 2. d3 d5 3. Nd2 Nc6 4. Ngf3 Nf6 5. g3 dxe4 6. dxe4 e5 7. c3 a5 8. Bg2 Bc5 9. O-O O-O 10. h3 b6 11. Qc2 Ba6 12. Rd1 Qe7 13. Bf1 Bxf1 14. Nxf1 Rad8 15. Bg5 Qe6 16. Kg2 h6 17. Be3 Qe7 18. Bxc5 Qxc5 19. Ne3 Ne7 20. Nh4 g6 21. Nf3 Rd6 22. Rxd6 Qxd6 23. Rd1 Qe6 24. b3 Nc6 25. Nd5 Ne8 26. Qd2 Kg7 27. Nh4 Ne7 28. c4 Nc6 29. Nf3 f5 30. exf5 Rxf5 31. Nxc7 Nxc7 32. Qd7+ Qxd7 33. Rxd7+ Rf7 34. Rd6 e4 35. Nd2 Nb4 36. Nxe4 Nxa2 37. Rxb6 Ne8 38. h4 Nc1 39. Rb5 h5 0-1

[Event "December 19 Early 2023"]
[Site "https://www.chess.com"]
[Date "2023.12.19"]
[Round "7"]
[White "Alves Campelo, Danilo Cesar De L"]
[Black "Bogumil, Tatiana"]
[Result "0-1"]
[Board "201"]
[TimeControl "180+1"]
[WhiteFideId "2123657"]
[BlackFideId "4110579"]
[WhiteElo "1994"]
[BlackElo "1853"]
[WhiteTeam "BRA"]
[BlackTeam "RUS"]
[WhiteClock "0:00:00"]
[BlackClock "0:00:54"]

1. e4 e6 2. d4 d5 3. Nd2 dxe4 4. Nxe4 Bd7 5. Nf3 Bc6 6. Bd3 Nd7 7. O-O Ngf6 8. Ng3 Be7 9. Re1 O-O 10. c4 Bb4 11. Bd2 Bxd2 12. Nxd2 b6 13. b4 Bb7 14. Nde4 a5 15. b5 a4 16. c5 Bd5 17. c6 Nxe4 18. Bxe4 Nf6 19. a3 Ra5 20. Qd3 Qd6 21. Bxd5 Qxd5 22. Re5 Qb3 23. Qe2 Rd8 24. Rg5 Rxd4 25. Nh5 Nxh5 26. Qxh5 g6 27. Qh6 Rd1+ 0-1

[Event "December 19 Early 2023"]
[Site "https://www.chess.com"]
[Date "2023.12.19"]
[Round "7"]
[White "Bushonica"]
[Black "Viasus, Juan Diego"]
[Result "1-0"]
[Board "202"]
[TimeControl "180+1"]
[BlackFideId "4464346"]
[WhiteElo "1905"]
[BlackElo "1644"]
[BlackTeam "COL"]
[WhiteClock "0:02:09"]
[BlackClock "0:00:00"]

1. e4 c6 2. d4 g6 3. Bd3 Bg7 4. c3 e6 5. Nf3 d5 6. exd5 cxd5 7. O-O Ne7 8. Bf4 O-O 9. Nbd2 Nbc6 10. Re1 Qb6 11. Qc2 Bd7 12. Bd6 Rfe8 13. Bc5 Qc7 14. Nb3 b6 15. Bxe7 Nxe7 16. Rad1 Rac8 17. Ba6 Rb8 18. Qe2 Bc8 19. Bb5 Rf8 20. Ne5 a6 21. Bd3 b5 22. Nc5 1-0

[Event "December 19 Early 2023"]
[Site "https://www.chess.com"]
[Date "2023.12.19"]
[Round "8"]
[White "Nakamura, Hikaru"]
[Black "Carlsen, Magnus"]
[Result "1/2-1/2"]
[Board "1"]
[TimeControl "180+1"]
[WhiteFideId "2016192"]
[BlackFideId "1503014"]
[WhiteElo "2874"]
[BlackElo "2887"]
[WhiteTeam "USA"]
[BlackTeam "NOR"]
[WhiteClock "0:00:20"]
[BlackClock "0:00:10"]

1. e4 a6 2. d4 Nc6 3. d5 Na7 4. c4 b5 5. c5 e6 6. Be3 Nf6 7. Qd4 exd5 8. exd5 d6 9. c6 Ng4 10. Nc3 Be7 11. Bf4 O-O 12. Nf3 Bf6 13. Qd2 Re8+ 14. Be2 b4 15. Nd1 Nb5 16. h3 Ne5 17. Ne3 Nxf3+ 18. Bxf3 Nd4 19. Bd1 Re4 20. Bg3 Nf5 21. Bh2 Rd4 22. Qe2 Nxe3 23. fxe3 Rxd5 24. O-O Rf5 25. Bb3 Rxf1+ 26. Rxf1 Qe7 27. Rf4 a5 28. Qd3 Be6 29. Re4 Bxb2 30. Qb5 Bc3 31. Bf4 Re8 32. Qxa5 h6 33. a3 Qd8 34. Bxe6 Rxe6 35. Rxe6 fxe6 36. axb4 e5 37. Bg3 Kh7 38. Qd5 Kh8 39. b5 Qb8 40. Bf2 Ba5 41. e4 Bb6 42. Bxb6 Qxb6+ 43. Kf1 Qe3 44. Qf7 Qd3+ 45. Kg1 Qxe4 46. Kh2 Qb4 47. Qxc7 Qf4+ 48. Kh1 Qf1+ 49. Kh2 Qf4+ 50. Kh1 Qf1+ 51. Kh2 Qf4+ 1/2-1/2